 Dungeon Crawl Stone Soup version 0.29.1-4-g47bece8355 (webtiles) character file.

Game seed: 14703421239458728010

18 GigaChad the Covered (level 2, -6/25 HPs)
             Began as a Djinni Fighter on Dec 9, 2022.
             Killed from afar by Natasha (9 damage)
             ... with a magic dart
             ... on level 2 of the Dungeon.
             The game lasted 00:00:49 (897 turns).

GigaChad the Covered (Djinni Fighter)                Turns: 897, Time: 00:00:51

Health: -6/25      AC:  6    Str: 15    XL:     2   Next: 85%
Gold:   47         EV:  8    Int:  9    God:
                   SH:  4    Dex: 12

rFire   + + .      SeeInvis .   a - +0 war axe
rCold   x . .      Faith    .   c - +0 buckler
rNeg    . . .      Spirit   .   b - +0 scale mail
rPois   ∞          Reflect  .   (no helmet)
rElec   .          Harm     .   (no cloak)
rCorr   .          Rampage  .   (no gloves)
Will    .....                   (boots unavailable)
Stlth   ..........              (no amulet)
HPRegen 0.08/turn               (no ring)
MPRegen 0.00/turn               (no ring)

@: flying
A: sickness immunity, fire resistance 2, cold vulnerability 1, float, innate
caster, HP casting, extra vitality 1
a: no special abilities


You were on level 2 of the Dungeon.
You visited 1 branch of the dungeon, and saw 2 of its levels.

You collected 47 gold pieces.

Inventory:

Hand Weapons
 a - a +0 war axe (weapon)
Armour
 b - a +0 scale mail (worn)
 c - a +0 buckler (worn)
Scrolls
 f - a scroll of immolation {unknown}
 g - a scroll of blinking {unknown}
 h - a scroll of identify {unknown}
 i - a scroll of vulnerability {unknown}
Potions
 d - a potion of might
 e - 2 potions of attraction {unknown}
 j - a potion of flight {unknown}


   Skills:
 + Level 3.2 Fighting
 + Level 1.8 Axes
 + Level 3.2 Armour
 + Level 3.2 Shields


You had one spell level left.
You didn't know any spells.
Your spell library was empty.

Dungeon Overview and Level Annotations

Branches:
Dungeon (2/15)

Altars:

Annotations:
D:2 Natasha


Innate Abilities, Weirdness & Mutations

You are immune to sickness and miasma.
You are immune to poison.
Your flesh is very heat resistant. (rF++)
You are vulnerable to cold. (rC-)
You float through the air rather than walking.
You learn spells naturally, not from books.
Your magical power is your life essence.
You have superior vitality. (+4 MHP)


Message History

Natasha claws you. Natasha claws you but does no damage.
You closely miss Natasha. You block Natasha's attack.
Natasha wildly gestures.
Natasha's front paws start to glow.
Natasha claws you!
You hit Natasha.
Natasha is lightly wounded.
Natasha claws you but does no damage. Natasha claws you.
* * * LOW HITPOINT WARNING * * *
You hit Natasha.
Natasha is heavily wounded.
Natasha claws you but does no damage. You block Natasha's attack.
You barely miss Natasha.
Natasha is heavily wounded.
Natasha misses you. Natasha barely misses you.
You closely miss Natasha.
Natasha is heavily wounded.
You feel yourself speed up. Natasha barely misses you.
Natasha claws you but does no damage.
You completely miss Natasha.
Natasha is heavily wounded.
Natasha claws you.
* * * LOW HITPOINT WARNING * * *
Natasha barely misses you.
You hit Natasha but do no damage.
Natasha is heavily wounded.
Natasha mumbles some strange words.
You barely miss Natasha.
Natasha is heavily wounded.
You hit the crimson imp but do no damage.
Natasha casts a spell.
The crimson imp hits you but does no damage.
Natasha claws you but does no damage.
You miss Natasha.
Natasha is heavily wounded.
You slash the crimson imp! You hit the crimson imp.
The crimson imp completely misses you.
Natasha stares at you and mumbles some strange words.
The magic dart hits you!
You die...

###[###.....#####........########
#.# #.....# #........# #.#
###..## #........# #.#
##.###############
#.######......##
#..........##..#######
##########...........+
#...5.#.### #...h@# #...5.#
#.....# #....... #........
...##..... ###. #...... # #.....


You could see Natasha and 2 crimson imps.

Vanquished Creatures
  A giant cockroach (D:2)
  4 goblins (D:1)
  A hobgoblin (D:1)
  3 kobolds
  2 quokkas (D:1)
  A bat (D:1)
  A frilled lizard (D:1)
  4 rats
17 creatures vanquished.

Notes
Turn   | Place    | Note
-------+----------+-------------------------------------------
     0 | D:1      | GigaChad the Djinni Fighter began the quest for the Orb.
     0 | D:1      | Reached XP level 1. HP: 20/20 MP: 0/0
   126 | D:1      | Reached XP level 2. HP: 25/25 MP: 0/0
   881 | D:2      | Noticed Natasha
   896 | D:2      | Noticed a crimson imp
   897 | D:2      | Noticed a crimson imp
   897 | D:2      | Killed from afar by Natasha

Illustrated notes

Levels and vault maps discovered:
D:1:      lightli_arrival_noodles, layout_rooms, minmay_tripent
D:2:      layout_basic, serial_shops, nicolae_shop_trees, uniq_natasha

Action                   || total
-------------------------++-------
Melee: War axe           ||    48
Armor: Scale mail        ||    33
Dodge: Dodged            ||    27
Block: Buckler           ||    17
